 Dungeon Crawl Stone Soup version 0.21-a0-434-g806c6c2 (webtiles) character file.

5 slep the Sneak (level 1, -2/17 HPs)
             Began as a Gnoll Wanderer on Nov 9, 2017.
             Slain by a kobold
             ... wielding a +0 short sword
              (4 damage)
             ... on level 1 of the Dungeon.
             The game lasted 00:00:30 (55 turns).

slep the Sneak (Gnoll Wanderer)                       Turns: 55, Time: 00:00:30

Health: -2/17      AC:  2    Str: 13    XL:     1   Next: 80%
Magic:  4/4        EV: 11    Int: 16    God:
Gold:   0          SH:  0    Dex: 13    Spells: 5/5 levels left

rFire    . . .     SeeInvis .   e - +0 club
rCold    . . .     Gourm    .   (no shield)
rNeg     . . .     Faith    .   d - +0 robe
rPois    .         Spirit   .   (no helmet)
rElec    .         Reflect  .   (no cloak)
rCorr    .         Harm     .   (no gloves)
MR       .....                  (no boots)
Stlth    ++........             (no amulet)
HPRegen  0.05/turn              (no ring)
MPRegen  0.09/turn              (no ring)

@: no status effects
A: distributed training, fangs 1, strong nose
a: no special abilities


You were on level 1 of the Dungeon.
You were not hungry.

You visited 1 branch of the dungeon, and saw 1 of its levels.

Inventory:

Hand Weapons
 e - a +0 club (weapon)
 f - a +0 dagger
Armour
 d - a +0 robe (worn)
Scrolls
 i - a scroll of enchant armour {unknown}
Potions
 c - a potion of lignification
 h - a potion of brilliance {unknown}
 j - a potion of curing {unknown}
Books
 a - a book of Minor Magic

   Spells                             Type                      Level
   a - Magic Dart                     Conjuration                  1
   b - Blink                          Translocation                2
   c - Call Imp                       Summoning                    2
   d - Slow                           Hexes                        2
   e - Conjure Flame                  Conjuration/Fire             3
   f - Mephitic Cloud                 Conjuration/Poison/Air       3
 b - the Collected Works on Orientation

   Spells                             Type                      Level
   a - Apportation                    Translocation                1
   b - Portal Projectile              Hexes/Translocation          3
Comestibles
 g - a bread ration


   Skills:
 + Level 2.4 Fighting
 + Level 0.1 Short Blades
 + Level 0.1 Long Blades
 + Level 0.1 Axes
 + Level 0.1 Maces & Flails
 + Level 2.4 Polearms
 + Level 0.1 Staves
 + Level 0.1 Slings
 + Level 0.1 Bows
 + Level 0.1 Crossbows
 + Level 2.4 Throwing
 + Level 0.1 Armour
 + Level 0.1 Dodging
 + Level 4.0 Stealth
 + Level 0.1 Shields
 + Level 0.1 Unarmed Combat
 + Level 2.6 Spellcasting
 + Level 0.1 Conjurations
 + Level 0.1 Hexes
 + Level 0.1 Charms
 + Level 0.1 Summonings
 + Level 0.1 Necromancy
 + Level 0.1 Translocations
 + Level 3.6 Transmutations
 + Level 0.1 Fire Magic
 + Level 0.1 Ice Magic
 + Level 0.1 Air Magic
 + Level 0.1 Earth Magic
 + Level 3.6 Poison Magic
 + Level 0.2 Invocations
 + Level 0.1 Evocations


You had 5 spell levels left.
You didn't know any spells.

Dungeon Overview and Level Annotations

Branches:
Dungeon (1/15)

Altars:


Innate Abilities, Weirdness & Mutations

Your experience applies equally to all skills.
You have very sharp teeth.
Your uncanny sense of smell can sniff out nearby items.


Message History

The hobgoblin is severely wounded.
The hobgoblin closely misses you.
You hit the hobgoblin.
You kill the hobgoblin!
The kobold throws a stone.
The stone barely misses you.
Things that are here:
a stone; a club; a hobgoblin corpse The kobold throws a stone.
The stone hits you.
* * * LOW HITPOINT WARNING * * *
You see here a stone.
The hobgoblin shouts!
The goblin shouts!
The kobold throws a stone.
The stone misses you.
You see here a stone.
The kobold closely misses you.
Things that are here:
a stone; a club; a hobgoblin corpse You barely miss the kobold.
You bite the kobold.
The kobold is moderately wounded.
The kobold hits you with a short sword.
You die...

##.## ∆ #.# #.# #.# #.#
########.######
####..............#
.#.#.#.#(.######........
......)@### #######.#
.#.#.#K##


.gg #.#. ∆ ..... ∆ #.# #. ..>∆ .. .# #. You could see a hobgoblin, a goblin and
a kobold.

Vanquished Creatures
  A dart slug (D:1)
  A bat (D:1)
  A hobgoblin (D:1)
3 creatures vanquished.

Notes
Turn   | Place    | Note
-------+----------+-------------------------------------------
     0 | D:1      | slep the Gnoll Wanderer began the quest for the Orb.
     0 | D:1      | slep set off with: a book of Minor Magic, the Collected Works on Orientation, a potion of lignification, a +0 robe, a +0 club, a +0 dagger, a bread ration
     0 | D:1      | Reached XP level 1. HP: 17/17 MP: 4/4
    55 | D:1      | Slain by a kobold

Vault maps used:
D:1:      tarquinn_simple_flora_water_e, corner_web_ring, st_stairs_9,
          tso_metal_star

Action                   || total
-------------------------++-------
Melee: Club              ||    17
       Bite              ||     1
 Stab: Sleeping          ||     1
Armor: Robe              ||     2
Dodge: Dodged            ||    10

Table legend:
 A = Spawn XP
 B = Non-spawn XP
 C = Spawn XP percentage of total XP
 D = Spawn monster count
 E = Non-spawn monster count
 F = Spawn count percentage of total count
 G = Total turns spent on level
                    A         B        C        D         E        F      G
               +---------+---------+-------+---------+---------+-------+---------
         Total |       0 |       8 |   0.0 |       0 |       3 |   0.0 |    55
               +---------+---------+-------+---------+---------+-------+---------
           D:1 |       0 |       8 |   0.0 |       0 |       3 |   0.0 |    55
               +---------+---------+-------+---------+---------+-------+---------
